 Dungeon Crawl Stone Soup version 0.31-a0-620-gd1cbd99268 (webtiles) character file.

Game seed: 3321287961381625447

1539 Mickster the Cleaver (level 8, -3/71 HPs)
             Began as a Hill Orc Berserker on Aug 24, 2023.
             Was a Priest of Trog.
             Slain by a hornet (8 damage)
             ... on level 8 of the Dungeon.
             The game lasted 00:26:53 (5340 turns).

Mickster the Cleaver (Hill Orc Berserker)           Turns: 5340, Time: 00:26:54

Health: -3/71      AC: 15    Str: 22    XL:     8   Next: 86%
Magic:  8/8        EV:  9    Int:  7    God:    Trog [***...]
Gold:   504        SH:  0    Dex: 10    Spells: 7/7 levels left

rFire   . . .        q - +8 frozen axe "Frostbite" {freeze, freezing cloud, *Noise Fly rC+}
rCold   + . .        (shield currently unavailable)
rNeg    . . .        e - +0 chain mail
rPois   .            (no helmet)
rElec   .            (no cloak)
rCorr   .            s - +1 pair of gloves
SInv    .            f - +2 pair of boots
Will    .....        k - amulet of faith Stlth
                     (no ring)
HPRegen 0.31/turn    (no ring)
MPRegen 0.11/turn

%: faith
@: lethally poisoned (-3 -> -23), flying, slowed, very slow
A: no striking features
a: Renounce Religion, Berserk, Trog's Hand


You were on level 8 of the Dungeon.
You worshipped Trog.
Trog was most pleased with you.
You visited 1 branch of the dungeon, and saw 7 of its levels.

You collected 559 gold pieces.
You spent 55 gold pieces at shops.

Inventory:

Hand Weapons
 a - a +0 hand axe
 l - a +0 war axe
 o - a +2 mace of protection
 q - the +8 frozen axe "Frostbite" (weapon) {freeze, freezing cloud, *Noise Fly rC+}
   (You found it on level 4 of the Dungeon)

   rC+:       It protects you from cold.
   Fly:       It grants you flight.
   *Noise:    It may make a loud noise when swung.
 u - a +3 quarterstaff of chaos
Missiles
 c - 48 stones
 w - 3 boomerangs (quivered)
 x - 2 javelins
 A - 3 poisoned darts
Armour
 e - a +0 chain mail (worn)
 f - a +2 pair of boots (worn)
 s - a +1 pair of gloves (worn)
 v - a +0 cloak
Jewellery
 k - an amulet of faith (around neck)
 z - a ring of magical power
Talismans
 d - a flux talisman
Wands
 g - a wand of flame (38)
Scrolls
 h - 2 scrolls of fog
 i - 2 scrolls of fear
 m - a scroll of identify
 p - a scroll of revelation
 y - a scroll of silence {unknown}
Potions
 b - 2 potions of cancellation
 n - 2 potions of might
 r - a potion of curing
 t - 3 potions of berserk rage {unknown}


   Skills:
 + Level 6.9 Fighting
 * Level 9.8(10.1) Axes
 - Level 3.0(6.0) Maces & Flails
 + Level 6.4 Armour
 + Level 2.3 Dodging
 + Level 0.1 Stealth


You had 7 spell levels left.
You didn't know any spells.
Your spell library was empty.

Dungeon Overview and Level Annotations

Branches:
Dungeon (6/15)               Lair (0/5) D:8
 Temple: D:4-7

Altars:
Elyvilon
Hepliaklqana
Okawaru
Ru
Uskayaw
Wu Jian
Xom
The Shining One

Shops:
D:4 *

Annotations:
D:3 2 transporters, notthatgreg's ghost, amateur HOAr


Message History

You feel as though you will be slow longer.
The centaur shoots an arrow.
The arrow hits you but does no damage.
The hornet stings you but does no damage.
The centaur shoots an arrow.
The arrow hits you.
You can move again.
You barely miss the hornet.
The hornet is heavily wounded.
You feel very sick. The hornet stings you!
* * * LOW HITPOINT WARNING * * *
You are more poisoned.
You shrug off the repeated paralysis!
The hornet stings you but does no damage.
The centaur shoots an arrow.
The arrow hits you but does no damage.
The hornet stings you but does no damage.
The centaur shoots an arrow.
The arrow hits you.
* * * LOW HITPOINT WARNING * * *
* * * LOW HITPOINT WARNING * * *
You feel very sick. The hornet stings you.
* * * LOW HITPOINT WARNING * * *
You are more poisoned.
You feel as though you will be slow longer.
The hornet stings you.
* * * LOW HITPOINT WARNING * * *
You feel as though you will be slow longer.
You feel much better.
You feel extremely sick. The hornet stings you.
* * * LOW HITPOINT WARNING * * *
You feel as though you will be slow longer.
The hornet stings you.
* * * LOW HITPOINT WARNING * * *
You are more poisoned.
You feel as though you will be slow longer.
The hornet stings you but does no damage.
* * * LOW HITPOINT WARNING * * *
You feel extremely sick. The hornet stings you!
You die...

#### #.#.......#
#.#......##
#.#......#
#.########
#.......#
########.# #.#
#.# ######.# ##.#
#.y@...#####..#
#...####<......##
#.......
###.#####
........#. #.#
..≈≈.§≈...# #.#
...≈§≈... # #.#
.≈.....§. ###
.≈≈...≈≈.#


You could see a hornet.

Vanquished Creatures
  A steam dragon (D:8)
  A black bear (D:4)
  An ice beast (D:5)
  An ogre (D:5)
  A phantom (D:6)
  3 bullfrogs
  2 scorpions (D:5)
  4 orc priests
  4 hounds
  Crazy Yiuf (D:5)
  3 iguanas
  3 sleepcaps
  2 orc wizards
  Terence (D:3)
  10 gnolls
  5 adders
  A white imp (D:8)
  2 ufetubi (D:5)
  A worm (D:5)
  2 dart slugs
  13 orcs
  4 bats
  8 endoplasms
  4 giant cockroaches
  4 goblins
  11 hobgoblins
  8 jackals
  5 kobolds
  3 quokkas
  4 ball pythons
  2 frilled lizards
  4 rats
119 creatures vanquished.

Notes
Turn   | Place    | Note
-------+----------+-------------------------------------------
     0 | D:1      | Mickster the Hill Orc Berserker began the quest for the
                  | Orb.
     0 | D:1      | Reached XP level 1. HP: 19/19 MP: 1/1
   228 | D:1      | Reached XP level 2. HP: 24/27 MP: 2/2
   726 | D:1      | Reached XP level 3. HP: 27/33 MP: 3/3
   835 | D:1      | Reached ** piety under Trog
   955 | D:2      | Reached skill level 5 in Axes
   965 | D:2      | Reached XP level 4. HP: 14/40 MP: 4/4
  1102 | D:2      | Found a shimmering altar of Xom.
  1639 | D:2      | Reached XP level 5. HP: 47/47 MP: 5/5
  1982 | D:3      | Found a transporter.
  1983 | D:3      | Noticed notthatgreg's ghost (amateur HOAr)
  2131 | D:3      | Reached skill level 6 in Axes
  2149 | D:3      | Found a white marble altar of Elyvilon.
  2259 | D:3      | Noticed Terence
  2269 | D:3      | Killed Terence
  2270 | D:3      | Reached skill level 5 in Fighting
  2580 | D:3      | Found a transporter.
  2640 | D:3      | Reached XP level 6. HP: 52/56 MP: 6/6
  2791 | D:4      | Found a glowing golden altar of the Shining One.
  2921 | D:4      | Reached skill level 7 in Axes
  2926 | D:4      | Noticed a black bear
  2933 | D:4      | Killed a black bear
  2934 | D:4      | Reached XP level 7. HP: 61/61 MP: 7/7
  2945 | D:4      | Reached skill level 8 in Axes
  2945 | D:4      | Found a sacrificial altar of Ru.
  3131 | D:4      | Found an ornate altar of the Wu Jian Council.
  3167 | D:4      | Reached *** piety under Trog
  3171 | D:4      | Found a hide-covered altar of Uskayaw.
  3273 | D:4      | Found the +8 frozen axe "Frostbite" {freeze, freezing
                  | cloud, *Noise Fly rC+}
  3308 | D:4      | Found Litt's General Store.
  3321 | D:4      | Bought a scroll of identify for 22 gold pieces
  3321 | D:4      | Bought a potion of curing for 33 gold pieces
  3425 | D:5      | Entered Level 5 of the Dungeon
  3554 | D:5      | Reached skill level 1 in Maces & Flails
  3554 | D:5      | Reached skill level 5 in Armour
  3903 | D:5      | Reached XP level 8. HP: 70/70 MP: 8/8
  3945 | D:5      | Found a hazy altar of Hepliaklqana.
  4083 | D:5      | Found a runed translucent door.
  4084 | D:5      | Noticed Crazy Yiuf
  4091 | D:5      | Killed Crazy Yiuf
  4562 | D:6      | Reached skill level 9 in Axes
  4928 | D:6      | You are sucked into a shaft and drop 2 floors!
  4932 | D:8      | Found an iron altar of Okawaru.
  5297 | D:8      | Found a staircase to the Lair.
  5331 | D:8      | Noticed a hornet
  5334 | D:8      | Paralysed by a hornet for 3 turns
  5340 | D:8      | Slain by a hornet

Illustrated notes

Levels and vault maps discovered:
D:1:      dpeg_arrival_lava_temple_mockup, layout_loops_cross
D:2:      layout_basic, basic_altar
D:3:      layout_loops_ring, mainiacjoe_overflow_chevrons,
          gammafunk_ghost_stat_death, uniq_terence
D:4:      layout_cave_pools, nicolae_uskayaw_dance_hall,
          mainiacjoe_overflow_brackets, lemuel_tele_altar,
          nicolae_wu_jian_wuxing_cycle, serial_shops, shop
D:5:      layout_basic, nicolae_hepliaklqana_hazy_memory,
          uniq_crazy_yiuf_cottage
D:6:      nicolae_cairo_tiling_very_big, layout_loops_ring
D:8:      layout_loops_ring, zin_angel, tgw_sif,
          mainiacjoe_overflow_small_starburst, old_standard_altar,
          serial_co_window_serial, co_window_paths_a, co_window_paths_a,
          co_window_corner_a, co_window_paths_a, co_window_paths_a,
          co_window_paths_a, co_window_corner_a, co_window_cross_1,
          co_window_corner_a, co_window_broadway_c, co_window_unsneaky_path_a,
          co_window_paths_c, co_window_corner_ca, co_window_unsneaky_path_a,
          glass_columns_a, glass_columns_c, glass_columns_b, glass_columns_a,
          serial_park_tiny_2

Skill      XL: |  1  2  3  4  5  6  7  8 |
---------------+-------------------------+-----
Fighting       | 4 5 6 |  6.9
Axes           | 5 6 7 8 9 |  9.8
Armour         | 3 4 5 6 |  6.4
Maces & Flails | 2 3 |  3.0
Dodging        | 2 |  2.3
Stealth        | |  0.1

Action                     |  1- 3 |  4- 6 |  7- 9 || total
---------------------------+-------+-------+-------++-------
  Melee: Hand axe          |    92 |    50 |       ||   142
         War axe           |       |    82 |    26 ||   108
         Executioner's axe |       |       |    78 ||    78
         Mace              |       |       |     2 ||     2
         Punch             |       |       |     1 ||     1
 Invoke: Berserk           |     1 |     4 |     2 ||     7
         Trog's Hand       |       |     1 |     2 ||     3
    Use: Scroll            |     2 |     5 |     5 ||    12
         Potion            |       |       |     1 ||     1
 Armour: Animal skin       |     6 |       |       ||     6
         Chain mail        |    36 |    78 |    86 ||   200
  Dodge: Dodged            |    57 |    55 |    72 ||   184

Table legend: (Time is in decaauts)
 A = Elapsed time spent in this place.
 B = Non-inter-level travel time spent in this place.
 C = Inter-level travel time spent in this place.
 D = Time resting spent in this place.
 E = Time spent auto-exploring this place.
 F = Levels seen in this place.
 G = Mean time per level.
                   A        B        C        D        E       F      G
               +--------+--------+--------+--------+--------+-----+--------+
         Total |   5465 |   5359 |    106 |    600 |   3024 |   7 |  780.7 |
       Dungeon |   5465 |   5359 |    106 |    600 |   3024 |   7 |  780.7 |
               +--------+--------+--------+--------+--------+-----+--------+

Top non-repeatable levels by time:
     D:2: 1069 daAuts
     D:5: 1052 daAuts
     D:1: 955 daAuts
     D:3: 784 daAuts
     D:4: 685 daAuts
     D:6: 500 daAuts
     D:8: 417 daAuts
